| TOP OF THE 1ST |
|
Batavia Clippers batting - Pitching for Williamsport Greys : LHP Ron Krauss
|
|
Pitching: LHP Ron Krauss
|
|
|
Batting: RHB Greg Tabor
|
0-0: Called Strike 0-1: Swinging Strike 0-2: Ball 1-2: Ball 2-2: Ball 3-2: Base on Balls
|
|
Batting: RHB Russ Stephans
|
0-0: Ball 1-0: Ball 2-0: Fly out, F4 (Popup, 4S, EV 81.9 MPH)
|
|
Batting: RHB Mickey Brantley
|
0-0: Ball 1-0: Ball 2-0: Swinging Strike 2-1: Foul Ball, location: 2F 2-2: Ball 3-2: Foul Ball, location: 2F 3-2: SINGLE (Line Drive, 7S, EV 90.0 MPH) Greg Tabor to second Greg Tabor to third
|
|
Batting: RHB Glenn Carpenter
|
0-0: Ball Mickey Brantley is caught stealing 2nd base 2-4 1-0: Foul Ball, location: 2F 1-1: Called Strike 1-2: Ball 2-2: Ball 3-2: Strikes out swinging
|
| Top of the 1st over - 0 runs, 1 hit, 0 errors, 1 left on base; Batavia 0 - Williamsport 0 |
| BOTTOM OF THE 1ST |
|
Williamsport Greys batting - Pitching for Batavia Clippers : RHP Greg Hughes
|
|
Pitching: RHP Greg Hughes
|
|
|
Batting: RHB Omar Garcia
|
0-0: Fly out, F7 (Flyball, 7S, EV 86.9 MPH)
|
|
Batting: SHB Chris Howard
|
0-0: Called Strike 0-1: Ground out U3 (Groundball, 3, EV 80.6 MPH)
|
|
Batting: LHB Angel Bayron
|
0-0: Called Strike 0-1: Ball 1-1: Foul Ball, location: 2F 1-2: Foul Ball, location: 2F 1-2: Fly out, F8 (Flyball, 8LD, EV 91.9 MPH)
|
| Bottom of the 1st over - 0 runs, 0 hits, 0 errors, 0 left on base; Batavia 0 - Williamsport 0 |
| TOP OF THE 2ND |
|
Batavia Clippers batting - Pitching for Williamsport Greys : LHP Ron Krauss
|
|
Batting: RHB Jerry Lomastro
|
0-0: Called Strike 0-1: Ball 1-1: Foul Ball, location: 2F 1-2: Fly out, F7 (Flyball, 7D, EV 92.5 MPH)
|
|
Batting: LHB Mike Botkin
|
0-0: Called Strike 0-1: Ball 1-1: Called Strike 1-2: Strikes out looking
|
|
Batting: RHB Larry Kiesling
|
0-0: Ball 1-0: Ball 2-0: Foul Ball, location: 2F 2-1: Ball 3-1: Called Strike 3-2: Strikes out swinging
|
| Top of the 2nd over - 0 runs, 0 hits, 0 errors, 0 left on base; Batavia 0 - Williamsport 0 |
| BOTTOM OF THE 2ND |
|
Williamsport Greys batting - Pitching for Batavia Clippers : RHP Greg Hughes
|
|
Batting: RHB Rodney Martin
|
0-0: Called Strike 0-1: Foul Ball, location: 2F 0-2: Foul Ball, location: 2F 0-2: Ball 1-2: SINGLE (Groundball, 6MD, EV 102.5 MPH)
|
|
Batting: RHB Doug Carpenter
|
0-0: Ball 1-0: Called Strike 1-1: Swinging Strike 1-2: Ball 2-2: Foul Ball, location: 2F 2-2: Strikes out swinging
|
|
Batting: SHB Edwin Darling
|
0-0: Ball 1-0: Ball 2-0: Called Strike 2-1: Swinging Strike 2-2: Ball 3-2: Base on Balls Rodney Martin to second
|
|
Batting: RHB Eddie Williams
|
0-0: Ball 1-0: Ball 2-0: Called Strike 2-1: Fly out, F8 (Flyball, 8RM, EV 91.3 MPH)
|
|
Batting: RHB Billy Loard
|
0-0: Called Strike 0-1: Fly out, F6 (Line Drive, 6, EV 63.1 MPH)
|
| Bottom of the 2nd over - 0 runs, 1 hit, 0 errors, 2 left on base; Batavia 0 - Williamsport 0 |
| TOP OF THE 3RD |
|
Batavia Clippers batting - Pitching for Williamsport Greys : LHP Ron Krauss
|
|
Batting: RHB Jorge Gonzalez
|
0-0: DOUBLE (Line Drive, 89D, EV 103.1 MPH)
|
|
Batting: RHB Mark Kuecker
|
0-0: Ball 1-0: Ball 2-0: Fly out, F4 (Popup, 3S, EV 80.0 MPH)
|
|
Batting: RHB Greg Tabor
|
0-0: Called Strike 0-1: Called Strike 0-2: Reached on error, E5 (Groundball, 5, EV 79.4 MPH) Jorge Gonzalez to third
|
|
Batting: RHB Russ Stephans
|
0-0: Ball 1-0: Called Strike 1-1: Ball 2-1: Foul Ball, location: 2F 2-2: Ball 3-2: Foul Ball, location: 2F 3-2: Strikes out swinging
|
|
Batting: RHB Mickey Brantley
|
0-0: Foul Ball, location: 2F 0-1: Swinging Strike 0-2: Strikes out swinging
|
| Top of the 3rd over - 0 runs, 1 hit, 1 error, 2 left on base; Batavia 0 - Williamsport 0 |
| BOTTOM OF THE 3RD |
|
Williamsport Greys batting - Pitching for Batavia Clippers : RHP Greg Hughes
|
|
Batting: RHB Brad Luther
|
0-0: Called Strike 0-1: Swinging Strike 0-2: Ball 1-2: Strikes out swinging
|
|
Batting: RHB Omar Garcia
|
0-0: Called Strike 0-1: Ball 1-1: Ground out 6-3 (Groundball, 6, EV 98.8 MPH)
|
|
Batting: SHB Chris Howard
|
0-0: Called Strike 0-1: Ball 1-1: Foul Ball, location: 2F 1-2: Foul Ball, location: 2F 1-2: Strikes out swinging
|
| Bottom of the 3rd over - 0 runs, 0 hits, 0 errors, 0 left on base; Batavia 0 - Williamsport 0 |
| TOP OF THE 4TH |
|
Batavia Clippers batting - Pitching for Williamsport Greys : LHP Ron Krauss
|
|
Batting: RHB Glenn Carpenter
|
0-0: Called Strike 0-1: Ball 1-1: Ball 2-1: Ground out 1-3 (Groundball, 13S, EV 63.8 MPH)
|
|
Batting: RHB Jerry Lomastro
|
0-0: Ball 1-0: Foul Ball, location: 2F 1-1: Foul Ball, location: 2F 1-2: Ball 2-2: Strikes out looking
|
|
Batting: LHB Mike Botkin
|
0-0: Ball 1-0: Swinging Strike 1-1: Called Strike 1-2: Ball 2-2: TRIPLE (Flyball, 78XD, EV 101.9 MPH)
|
|
Batting: RHB Larry Kiesling
|
0-0: Called Strike 0-1: Fly out, F8 (Flyball, 8RS, EV 83.1 MPH)
|
| Top of the 4th over - 0 runs, 1 hit, 0 errors, 1 left on base; Batavia 0 - Williamsport 0 |
| BOTTOM OF THE 4TH |
|
Williamsport Greys batting - Pitching for Batavia Clippers : RHP Greg Hughes
|
|
Batting: LHB Angel Bayron
|
0-0: Called Strike 0-1: Ball 1-1: Ball 2-1: Ball 3-1: Ground out 4-3 (Groundball, 4, EV 94.4 MPH)
|
|
Batting: RHB Rodney Martin
|
0-0: Fly out, F5 (Popup, 5S, EV 83.1 MPH)
|
|
Batting: RHB Doug Carpenter
|
0-0: Ball 1-0: DOUBLE (Line Drive, 78M, EV 90.0 MPH)
|
|
Batting: SHB Edwin Darling
|
0-0: Ball 1-0: Foul Ball, location: 2F 1-1: Ball 2-1: Swinging Strike 2-2: Strikes out swinging
|
| Bottom of the 4th over - 0 runs, 1 hit, 0 errors, 1 left on base; Batavia 0 - Williamsport 0 |
| TOP OF THE 5TH |
|
Batavia Clippers batting - Pitching for Williamsport Greys : LHP Ron Krauss
|
|
Batting: RHB Jorge Gonzalez
|
0-0: Called Strike 0-1: Swinging Strike 0-2: Strikes out swinging
|
|
Batting: RHB Mark Kuecker
|
0-0: SINGLE (Flyball, 6D, EV 93.8 MPH)
|
|
Batting: RHB Greg Tabor
|
0-0: Ball 1-0: Called Strike 1-1: Foul Ball, location: 2F 1-2: Ball 2-2: Foul Ball, location: 2F 2-2: Fly out, F7 (Line Drive, 7, EV 88.8 MPH)
|
|
Batting: RHB Russ Stephans
|
0-0: Called Strike 0-1: Ball 1-1: Called Strike 1-2: DOUBLE (Flyball, 8RXD, EV 94.4 MPH) Mark Kuecker to third Runner from 3rd tries for Home, SAFE, throw by CF to home
|
|
Batting: RHB Mickey Brantley
|
0-0: Ball 1-0: Ball 2-0: SINGLE (Line Drive, 7S, EV 106.3 MPH) Russ Stephans to third Runner from 3rd tries for Home, SAFE, throw by LF to home
|
|
Batting: RHB Glenn Carpenter
|
0-0: Ball Mickey Brantley steals 2nd base 1-0: Called Strike 1-1: Ball 2-1: Fly out, F8 (Flyball, 8RS, EV 95.0 MPH)
|
| Top of the 5th over - 2 runs, 3 hits, 0 errors, 1 left on base; Batavia 2 - Williamsport 0 |
| BOTTOM OF THE 5TH |
|
Williamsport Greys batting - Pitching for Batavia Clippers : RHP Greg Hughes
|
|
Batting: RHB Eddie Williams
|
0-0: Swinging Strike 0-1: Fly out, F4 (Flyball, 34D, EV 94.4 MPH)
|
|
Batting: RHB Billy Loard
|
0-0: Ball 1-0: Ball 2-0: Swinging Strike 2-1: Called Strike 2-2: Foul Ball, location: 2F 2-2: Fly out, F8 (Flyball, 8LS, EV 89.4 MPH)
|
|
Batting: RHB Brad Luther
|
0-0: Ball 1-0: Ball 2-0: Called Strike 2-1: Ball 3-1: Called Strike 3-2: Ground out 4-3 (Groundball, 34, EV 83.1 MPH)
|
| Bottom of the 5th over - 0 runs, 0 hits, 0 errors, 0 left on base; Batavia 2 - Williamsport 0 |
| TOP OF THE 6TH |
|
Batavia Clippers batting - Pitching for Williamsport Greys : LHP Ron Krauss
|
|
Batting: RHB Jerry Lomastro
|
0-0: Swinging Strike 0-1: Ball 1-1: Ball 2-1: Foul Ball, location: 2F 2-2: Foul Ball, location: 2F 2-2: Foul Ball, location: 2F 2-2: Ball 3-2: Strikes out swinging
|
|
Batting: LHB Mike Botkin
|
0-0: Called Strike 0-1: Ground out 6-3 (Groundball, 6, EV 103.1 MPH)
|
|
Batting: RHB Larry Kiesling
|
0-0: Ball 1-0: Foul Ball, location: 2F 1-1: Ball 2-1: Ball 3-1: Foul Ball, location: 2F 3-2: SINGLE (Groundball, 6MS, EV 72.5 MPH) (infield hit)
|
|
Batting: RHB Jorge Gonzalez
|
0-0: Called Strike 0-1: Ball 1-1: Swinging Strike 1-2: Strikes out looking
|
| Top of the 6th over - 0 runs, 1 hit, 0 errors, 1 left on base; Batavia 2 - Williamsport 0 |
| BOTTOM OF THE 6TH |
|
Williamsport Greys batting - Pitching for Batavia Clippers : RHP Greg Hughes
|
|
Batting: RHB Omar Garcia
|
0-0: Ball 1-0: Ball 2-0: DOUBLE (Groundball, 5L, EV 103.8 MPH)
|
|
Batting: SHB Chris Howard
|
0-0: Ball 1-0: SINGLE (Groundball, 34D, EV 101.3 MPH) Omar Garcia to third Runner from 3rd tries for Home, SAFE, throw by RF to home Chris Howard to second
|
|
Batting: LHB Angel Bayron
|
0-0: Ground out 1-3 (Groundball, 34S, EV 65.6 MPH) Chris Howard to third
|
|
Batting: RHB Rodney Martin
|
0-0: Fly out, F8 (Flyball, 8LM, EV 76.3 MPH) Runner from 3rd tags up, SCORES, throw by CF
|
|
Batting: RHB Doug Carpenter
|
0-0: Fly out, F8 (Line Drive, 8LM, EV 93.8 MPH)
|
| Bottom of the 6th over - 2 runs, 2 hits, 0 errors, 0 left on base; Batavia 2 - Williamsport 2 |
| TOP OF THE 7TH |
|
Batavia Clippers batting - Pitching for Williamsport Greys : LHP Ron Krauss
|
|
Batting: RHB Mark Kuecker
|
0-0: Ball 1-0: Foul Ball, location: 2F 1-1: Ground out 6-3 (Groundball, 6, EV 101.9 MPH)
|
|
Batting: RHB Greg Tabor
|
0-0: Called Strike 0-1: SINGLE (Groundball, 13, EV 86.3 MPH) (infield hit)
|
|
Batting: RHB Russ Stephans
|
0-0: Ball 1-0: Called Strike 1-1: Grounds into double play, 4-6-3 (Groundball, 4, EV 102.5 MPH)
|
| Top of the 7th over - 0 runs, 1 hit, 0 errors, 0 left on base; Batavia 2 - Williamsport 2 |
| BOTTOM OF THE 7TH |
|
Williamsport Greys batting - Pitching for Batavia Clippers : RHP Greg Hughes
|
|
Batting: SHB Edwin Darling
|
0-0: Ball 1-0: Ball 2-0: Ball 3-0: Base on Balls
|
|
Batting: RHB Eddie Williams
|
0-0: Grounds into double play, 6-4-3 (Groundball, 6, EV 99.4 MPH)
|
|
Batting: RHB Billy Loard
|
0-0: Foul Ball, location: 2F 0-1: Swinging Strike 0-2: Strikes out swinging
|
| Bottom of the 7th over - 0 runs, 0 hits, 0 errors, 0 left on base; Batavia 2 - Williamsport 2 |
| TOP OF THE 8TH |
|
Batavia Clippers batting - Pitching for Williamsport Greys : LHP Ron Krauss
|
|
Batting: RHB Mickey Brantley
|
0-0: Called Strike 0-1: Foul Ball, location: 2F 0-2: Ball 1-2: Ball 2-2: Ball 3-2: Base on Balls
|
|
Batting: RHB Glenn Carpenter
|
0-0: Ball 1-0: SINGLE (Line Drive, 34D, EV 98.8 MPH) Mickey Brantley to second
|
|
Batting: RHB Jerry Lomastro
|
0-0: Called Strike 0-1: Fly out, F9 (Flyball, 9LM, EV 95.6 MPH) Runner from 2nd tags up, SAFE at 3rd, no throw by RF
|
|
Batting: LHB Mike Botkin
|
0-0: Called Strike 0-1: Ball 1-1: SINGLE (Flyball, 9S, EV 92.5 MPH) Mickey Brantley scores Glenn Carpenter to second Runner from 2nd tries for 3rd, SAFE, no throw by RF
|
|
Batting: RHB Larry Kiesling
|
0-0: Ball 1-0: Ball 2-0: Ball 3-0: Called Strike 3-1: Swinging Strike 3-2: Fly out, F8 (Flyball, 8LD, EV 89.4 MPH) Runner from 3rd tags up, SCORES, throw by CF
|
|
Pitching: RHP Jose Zamora
|
|
|
Batting: RHB Jorge Gonzalez
|
0-0: DOUBLE (Flyball, 8RXD, EV 97.5 MPH) Mike Botkin to third
|
|
Batting: RHB Mark Kuecker
|
0-0: Ball 1-0: Foul Ball, location: 2F 1-1: Fly out, F2 (Popup, 3SF, EV 90.6 MPH)
|
| Top of the 8th over - 2 runs, 3 hits, 0 errors, 2 left on base; Batavia 4 - Williamsport 2 |
| BOTTOM OF THE 8TH |
|
Williamsport Greys batting - Pitching for Batavia Clippers : RHP Greg Hughes
|
|
Batting: RHB Brad Luther
|
0-0: Foul Ball, location: 2F 0-1: Ball 1-1: Foul Ball, location: 2F 1-2: Foul Ball, location: 2F 1-2: Strikes out swinging
|
|
Batting: RHB Omar Garcia
|
0-0: Ball 1-0: Foul Ball, location: 2F 1-1: Ball 2-1: Ball 3-1: SINGLE (Line Drive, 8LS, EV 87.5 MPH)
|
|
Batting: SHB Chris Howard
|
0-0: Ball 1-0: Ball 2-0: Called Strike 2-1: SINGLE (Line Drive, 89S, EV 101.9 MPH) Omar Garcia to second Runner from 2nd tries for 3rd, SAFE, throw by RF made to third
|
|
Batting: LHB Angel Bayron
|
0-0: Ball 1-0: Foul Ball, location: 2F 1-1: SINGLE (Line Drive, 56D, EV 98.8 MPH) Omar Garcia scores Chris Howard to second
|
|
Batting: RHB Rodney Martin
|
0-0: Ball 1-0: Swinging Strike 1-1: Ball 2-1: Foul Ball, location: 2F 2-2: Ball 3-2: Base on Balls Chris Howard to third Angel Bayron to second
|
|
Batting: RHB Doug Carpenter
|
0-0: Foul Ball, location: 2F 0-1: Grounds into fielders choice 1-2 (Groundball, 15S, EV 66.9 MPH) Angel Bayron to third Rodney Martin to second
|
|
Batting: SHB Edwin Darling
|
0-0: Called Strike 0-1: Ball 1-1: Ball 2-1: Foul Ball, location: 2F 2-2: Foul Ball, location: 2F 2-2: Fly out, F9 (Flyball, 89M, EV 95.0 MPH)
|
| Bottom of the 8th over - 1 run, 3 hits, 0 errors, 3 left on base; Batavia 4 - Williamsport 3 |
| TOP OF THE 9TH |
|
Batavia Clippers batting - Pitching for Williamsport Greys : RHP Jose Zamora
|
|
Pitching: LHP Pedro Lopez
|
|
|
Batting: RHB Greg Tabor
|
0-0: Ball 1-0: Ground out 5-3 (Groundball, 56S, EV 81.3 MPH)
|
|
Batting: RHB Russ Stephans
|
0-0: Called Strike 0-1: Ball 1-1: Called Strike 1-2: Fly out, F8 (Flyball, 78D, EV 93.1 MPH)
|
|
Batting: RHB Mickey Brantley
|
0-0: Ball 1-0: Ball 2-0: Ball 3-0: Base on Balls
|
|
Batting: RHB Glenn Carpenter
|
0-0: Ball 1-0: Foul Ball, location: 2F 1-1: Swinging Strike 1-2: Ground out 1-3 (Groundball, P, EV 64.4 MPH)
|
| Top of the 9th over - 0 runs, 0 hits, 0 errors, 1 left on base; Batavia 4 - Williamsport 3 |
| BOTTOM OF THE 9TH |
|
Williamsport Greys batting - Pitching for Batavia Clippers : RHP Greg Hughes
|
|
Pitching: RHP Stephen Golden
|
|
|
Pinch Hitting: LHB Bobby Buchanon
|
0-0: Called Strike 0-1: Called Strike 0-2: Ball 1-2: Foul Ball, location: 2F 1-2: Ball 2-2: Fly out, F9 (Flyball, 9, EV 85.6 MPH)
|
|
Pinch Hitting: SHB Bruce Stocker
|
0-0: Ball 1-0: Ball 2-0: Ground out U3 (Groundball, 3L, EV 96.9 MPH)
|
|
Pinch Hitting: SHB James Allen
|
0-0: Called Strike 0-1: Foul Ball, location: 2F 0-2: Ball 1-2: Foul Ball, location: 2F 1-2: Ball 2-2: Ball 3-2: Fly out, F4 (Popup, 34S, EV 75.0 MPH)
|
| Bottom of the 9th over - 0 runs, 0 hits, 0 errors, 0 left on base; Batavia 4 - Williamsport 3 |
|